[Event "25th Abu Dhabi Open 2018"]
[Site "Abu Dhabi"]
[Date "2018.08.08"]
[Round "2"]
[White "Hallaeva, Bahar"]
[Black "Kibrom, Weldegebriel Beraki"]
[Result "1-0"]
[ECO "C54"]
[WhiteElo "2098"]
[BlackElo "1745"]
[Annotator "NA"]
[PlyCount "26"]
[EventDate "2018.08.05"]
[EventType "swiss"]
[EventCountry "UAE"]
[SourceTitle "playchess.com"]
[Source "ChessBase"]
[SourceQuality "1"]
[TimeControl "5400+30"]

1. e4 e5 2. Nf3 Nc6 3. d4 exd4 4. Bc4 Bc5 5. c3 Nf6 6. cxd4 Bb4+ 7. Nc3 Nxe4 8. O-O Bxc3 9. bxc3 d5 10. Bd3 O-O 11. Qc2 f5 12. Re1 h6 13. Rb1 Kh8 1-0

[Event "25th Abu Dhabi Open 2018"]
[Site "Abu Dhabi"]
[Date "2018.08.08"]
[Round "2"]
[White "Pabalan, Rocky"]
[Black "Sahithi, Varshini M"]
[Result "0-1"]
[ECO "B20"]
[WhiteElo "2073"]
[BlackElo "1728"]
[Annotator "NA"]
[PlyCount "84"]
[EventDate "2018.08.05"]
[EventType "swiss"]
[EventCountry "UAE"]
[SourceTitle "playchess.com"]
[Source "ChessBase"]
[SourceQuality "1"]
[TimeControl "5400+30"]

1. e4 c5 2. Ne2 Nc6 3. g3 g6 4. Bg2 Bg7 5. c3 e5 6. O-O Nge7 7. d3 O-O 8. Be3 d6 9. d4 exd4 10. cxd4 Qb6 11. Nbc3 cxd4 12. Na4 Qa5 13. Nxd4 Ne5 14. Bd2 Qa6 15. Bg5 Re8 16. Nc3 Bg4 17. f3 Nd3 18. Be3 Nxb2 19. Qc1 Nd3 20. Qd2 Bd7 21. Rfb1 Ne5 22. Bf1 Qa5 23. Kg2 Rac8 24. Rb3 b6 25. Rd1 Nxf3 26. Kxf3 Bg4+ 27. Kf2 Bxd1 28. Qxd1 Rxc3 29. Rxc3 Qxc3 30. Nb5 Qf6+ 31. Kg1 Nf5 32. Bf2 Rxe4 33. Qd5 Re8 34. g4 Ne3 35. Qc6 Re5 36. Nxd6 Nxf1 37. Bd4 Nxh2 38. Qa8+ Bf8 39. Ne8 Re1+ 40. Kxh2 Qh4+ 41. Kg2 Qh1+ 42. Kg3 Bd6+ 0-1

[Event "25th Abu Dhabi Open 2018"]
[Site "Abu Dhabi"]
[Date "2018.08.08"]
[Round "2"]
[White "Lacap, Louie"]
[Black "Mustafayev, Farid"]
[Result "1/2-1/2"]
[ECO "D20"]
[WhiteElo "1764"]
[BlackElo "2127"]
[Annotator "NA"]
[PlyCount "36"]
[EventDate "2018.08.05"]
[EventType "swiss"]
[EventCountry "UAE"]
[SourceTitle "playchess.com"]
[Source "ChessBase"]
[SourceQuality "1"]
[TimeControl "5400+30"]

1. d4 d5 2. c4 dxc4 3. Nc3 Nf6 4. e3 e6 5. Bxc4 a6 6. Nf3 c5 7. O-O Qc7 8. Bd3 Be7 9. a4 O-O 10. Qe2 Nc6 11. Rd1 b6 12. Ne4 Bb7 13. dxc5 bxc5 14. Bd2 Nb4 15. Nxf6+ Bxf6 16. Bc3 Bxc3 17. bxc3 Nxd3 18. Rxd3 Bc6 1/2-1/2

[Event "25th Abu Dhabi Open 2018"]
[Site "Abu Dhabi"]
[Date "2018.08.11"]
[Round "5"]
[White "Haase, Pavel"]
[Black "Sadeem Lodhi"]
[Result "1-0"]
[ECO "D05"]
[WhiteElo "2177"]
[BlackElo "1831"]
[Annotator "NA"]
[PlyCount "47"]
[EventDate "2018.08.05"]
[EventType "swiss"]
[EventCountry "UAE"]
[SourceTitle "playchess.com"]
[Source "ChessBase"]
[SourceQuality "1"]
[TimeControl "5400+30"]

1. Nf3 c5 2. e3 Nf6 3. d4 e6 4. Bd3 d5 5. c3 Nc6 6. O-O Be7 7. Nbd2 O-O 8. dxc5 Bxc5 9. e4 Qc7 10. exd5 exd5 11. h3 Re8 12. Nb3 Bb6 13. Nbd4 Ne4 14. Be3 Bd7 15. Qc2 Rac8 16. Rad1 a6 17. Qb3 Ne7 18. Bxe4 dxe4 19. Ng5 Rf8 20. Nge6 Bxe6 21. Nxe6 Qe5 22. Nxf8 Bxe3 23. fxe3 Rxf8 24. Qxf7+ 1-0

[Event "25th Abu Dhabi Open 2018"]
[Site "Abu Dhabi"]
[Date "2018.08.11"]
[Round "5"]
[White "Haase, Pavel"]
[Black "Sadeem Lodhi"]
[Result "*"]
[ECO "A04"]
[WhiteElo "2177"]
[BlackElo "1831"]
[Annotator "NA"]
[PlyCount "33"]
[EventDate "2018.08.05"]
[EventType "swiss"]
[EventCountry "UAE"]
[SourceTitle "playchess.com"]
[Source "ChessBase"]
[SourceQuality "1"]
[TimeControl "5400+30"]

1. Nf3 c5 2. e3 Nf6 3. d4 e6 4. Bd3 d5 5. c3 Nc6 6. O-O Bd6 7. Nbd2 O-O 8. dxc5 Bxc5 9. e4 Qc7 10. exd5 exd5 11. h3 Re8 12. Nb3 Bb6 13. Nbd4 Ne4 14. Be3 Bd7 15. Qc2 Rac8 16. Rad1 a6 17. Qb3 *

[Event "25th Abu Dhabi Open 2018"]
[Site "Abu Dhabi"]
[Date "2018.08.11"]
[Round "5"]
[White "Ammar, Sedrani"]
[Black "Al Saleh, Mohammad"]
[Result "0-1"]
[ECO "A43"]
[WhiteElo "2109"]
[BlackElo "2012"]
[Annotator "NA"]
[PlyCount "114"]
[EventDate "2018.08.05"]
[EventType "swiss"]
[EventCountry "UAE"]
[SourceTitle "playchess.com"]
[Source "ChessBase"]
[SourceQuality "1"]
[TimeControl "5400+30"]

1. d4 c5 2. d5 e6 3. e4 d6 4. Nc3 e5 5. Bb5+ Nd7 6. a4 Be7 7. Nf3 Ngf6 8. O-O a6 9. Be2 b6 10. Nd2 Nf8 11. Nc4 Ng6 12. h3 Rb8 13. f4 exf4 14. Bxf4 Nxf4 15. Rxf4 Nd7 16. Qe1 O-O 17. Qg3 Bf6 18. Raf1 Bd4+ 19. Kh1 Ne5 20. Nd2 Ng6 21. R4f3 Be5 22. Qe1 Qe8 23. Nc4 b5 24. axb5 axb5 25. Nxb5 Rxb5 26. Nxe5 Nxe5 27. Bxb5 Qxb5 28. Rb3 Qa6 29. Ra3 Qb6 30. Rb3 Qc7 31. Rg3 Qe7 32. b3 Bd7 33. Qc1 Ng6 34. Re3 Qg5 35. Ree1 Qe5 36. Qa1 Qg3 37. Rf3 Qh4 38. Rfe3 Ne5 39. Qa6 Qh6 40. Kg1 Qf6 41. Qb7 h6 42. c3 Qd8 43. b4 c4 44. Ra1 Qg5 45. Rae1 f5 46. exf5 Qxf5 47. b5 Qf2+ 48. Kh1 Kh7 49. R3e2 Qg3 50. Re3 Nf3 51. gxf3 Qxh3+ 52. Kg1 Rf6 53. R3e2 Qg3+ 54. Kh1 Rf4 55. Re4 Qxf3+ 56. Kg1 Qg3+ 57. Kh1 Rf2 0-1

[Event "25th Abu Dhabi Open 2018"]
[Site "Abu Dhabi"]
[Date "2018.08.11"]
[Round "5"]
[White "Loay, Sameer"]
[Black "Salem, Ahmed Salem"]
[Result "1-0"]
[ECO "A05"]
[WhiteElo "2043"]
[BlackElo "1977"]
[Annotator "NA"]
[PlyCount "87"]
[EventDate "2018.08.05"]
[EventType "swiss"]
[EventCountry "UAE"]
[SourceTitle "playchess.com"]
[Source "ChessBase"]
[SourceQuality "1"]
[TimeControl "5400+30"]

1. Nf3 Nf6 2. g3 d5 3. Bg2 c5 4. O-O Nc6 5. d4 Bf5 6. c4 dxc4 7. Qa4 Qd7 8. dxc5 Ne5 9. Nc3 Qxa4 10. Nxa4 Nxf3+ 11. Bxf3 Be4 12. Bxe4 Nxe4 13. Be3 e6 14. Rac1 Rc8 15. Rxc4 Nd6 16. Rcc1 Nf5 17. Bd2 Be7 18. Bc3 O-O 19. e4 Nh6 20. Be5 Rfd8 21. Bd6 Bxd6 22. cxd6 Rxc1 23. Rxc1 f6 24. Rc7 b5 25. Nc5 Rxd6 26. Rxa7 Rd1+ 27. Kg2 Rd2 28. Nxe6 Rxb2 29. Rxg7+ Kh8 30. Ra7 Kg8 31. h3 f5 32. exf5 Nxf5 33. g4 Ne3+ 34. Kf3 Nd1 35. Rg7+ Kh8 36. Rd7 Rxf2+ 37. Kg3 Kg8 38. Rxd1 Rxa2 39. Rd7 Re2 40. Nf4 Rc2 41. Rb7 Rc3+ 42. Kh4 Rc4 43. Ne6 Re4 44. Rb8+ 1-0

[Event "25th Abu Dhabi Open 2018"]
[Site "Abu Dhabi"]
[Date "2018.08.11"]
[Round "5"]
[White "Soham Datar"]
[Black "Hallaeva, Bahar"]
[Result "1-0"]
[ECO "A05"]
[WhiteElo "2030"]
[BlackElo "2098"]
[Annotator "NA"]
[PlyCount "91"]
[EventDate "2018.08.05"]
[EventType "swiss"]
[EventCountry "UAE"]
[SourceTitle "playchess.com"]
[Source "ChessBase"]
[SourceQuality "1"]
[TimeControl "5400+30"]

1. Nf3 Nf6 2. c4 b6 3. g3 Bb7 4. Bg2 e6 5. O-O Be7 6. d4 O-O 7. Re1 Qc8 8. Nc3 Ne4 9. Bd2 Nxc3 10. Bxc3 Be4 11. d5 exd5 12. cxd5 Re8 13. Nd4 Bxg2 14. Kxg2 d6 15. e4 Bf6 16. Rc1 Nd7 17. Nf5 Qd8 18. Bxf6 Nxf6 19. Qd4 a5 20. f3 Ra7 21. Rc3 g6 22. Nh6+ Kg7 23. Ng4 h5 24. Nf2 Kh7 25. h3 Nd7 26. Rec1 Ne5 27. f4 Nd7 28. g4 h4 29. g5 f5 30. Re3 Ra8 31. exf5 gxf5 32. Rxe8 Qxe8 33. Rxc7 Kg6 34. Kf1 Qf7 35. Nd1 Re8 36. Nc3 Qe7 37. Qf2 Qd8 38. Rc6 Nc5 39. Qxh4 Rh8 40. Qg3 Rh7 41. h4 Re7 42. h5+ Kxh5 43. Qh3+ Kg6 44. Qh6+ Kf7 45. Rxd6 Qg8 46. Qh5+ 1-0

[Event "25th Abu Dhabi Open 2018"]
[Site "Abu Dhabi"]
[Date "2018.08.11"]
[Round "5"]
[White "Bauyrzhan, Arnash"]
[Black "Ovezdurdiyeva, Jemal"]
[Result "1/2-1/2"]
[ECO "B51"]
[WhiteElo "2007"]
[BlackElo "2041"]
[Annotator "NA"]
[PlyCount "136"]
[EventDate "2018.08.05"]
[EventType "swiss"]
[EventCountry "UAE"]
[SourceTitle "playchess.com"]
[Source "ChessBase"]
[SourceQuality "1"]
[TimeControl "5400+30"]

1. e4 c5 2. Nf3 d6 3. Bb5+ Nd7 4. O-O a6 5. Bd3 Ngf6 6. c3 b5 7. Bc2 e5 8. d4 Be7 9. Re1 O-O 10. Nbd2 Bb7 11. Nf1 Re8 12. Ng3 Bf8 13. h3 Qc7 14. Bg5 h6 15. Bd2 exd4 16. cxd4 cxd4 17. Nxd4 Ne5 18. Ndf5 d5 19. Rc1 Qd7 20. exd5 Nxd5 21. Rxe5 Rxe5 22. Bc3 Qe6 23. Bxe5 Qxe5 24. Qg4 g6 25. Bb3 Kh7 26. Nh4 Nf6 27. Qd1 Kg7 28. Nf3 Qf4 29. Ne2 Qd6 30. Qxd6 Bxd6 31. Ned4 Ne4 32. Kf1 Rd8 33. Rd1 Rc8 34. Nh4 Bc5 35. Nhf3 Kf6 36. Rc1 Rd8 37. Rd1 Rd6 38. Bc2 Kg7 39. Bxe4 Bxe4 40. Ke2 f5 41. Rd2 Bb4 42. Rd1 Kf6 43. Rc1 g5 44. g4 f4 45. Rc8 Bd5 46. Kf1 Bxa2 47. Rh8 Kg7 48. Ra8 Bc4+ 49. Kg2 Bd3 50. Rc8 Be4 51. Nf5+ Bxf5 52. gxf5 Ba5 53. h4 Bd8 54. hxg5 hxg5 55. Kh3 Bf6 56. Rc7+ Kh6 57. Kg4 a5 58. Rb7 b4 59. Ra7 Rd1 60. Rxa5 Rf1 61. Ra6 Kg7 62. Kh5 Rh1+ 63. Kg4 Rf1 64. Kh5 Rh1+ 65. Kg4 Rf1 66. Kh5 Rh1+ 67. Kg4 Rg1+ 68. Kh5 Rh1+ 1/2-1/2

[Event "25th Abu Dhabi Open 2018"]
[Site "Abu Dhabi"]
[Date "2018.08.11"]
[Round "5"]
[White "Sanskriti Goyal"]
[Black "Ahmed, Fareed"]
[Result "1-0"]
[ECO "E42"]
[WhiteElo "1924"]
[BlackElo "2025"]
[Annotator "NA"]
[PlyCount "129"]
[EventDate "2018.08.05"]
[EventType "swiss"]
[EventCountry "UAE"]
[SourceTitle "playchess.com"]
[Source "ChessBase"]
[SourceQuality "1"]
[TimeControl "5400+30"]

1. d4 Nf6 2. c4 e6 3. Nc3 Bb4 4. e3 c5 5. Nge2 d5 6. a3 Bxc3+ 7. Nxc3 cxd4 8. exd4 dxc4 9. Bxc4 Nc6 10. Be3 O-O 11. O-O h6 12. Qd3 b6 13. Rfd1 Bb7 14. Ba6 Bxa6 15. Qxa6 Qd7 16. Rac1 Rfd8 17. h3 Nd5 18. Nxd5 Qxd5 19. Qb7 Na5 20. Qc7 Rd7 21. Qg3 Kh7 22. Rc7 Nc6 23. Rc1 Nxd4 24. Bxd4 Qxd4 25. Rxd7 Qxd7 26. Rc7 Qd1+ 27. Kh2 Qh5 28. Qf4 f5 29. Qe5 Qg5 30. f4 Qg6 31. Re7 Re8 32. Rxa7 Rd8 33. Qc3 h5 34. Rb7 Rd6 35. b4 Qh6 36. Qe3 h4 37. a4 Qg6 38. b5 Qg3+ 39. Qxg3 hxg3+ 40. Kxg3 Rd3+ 41. Kh2 Rd4 42. Rxb6 Rxa4 43. Kg3 Ra3+ 44. Kh4 Ra2 45. g4 fxg4 46. hxg4 Rb2 47. Kg5 Rb4 48. Rb7 Rb1 49. f5 exf5 50. gxf5 Kg8 51. b6 Rb2 52. Rb8+ Kf7 53. Rb7+ Kf8 54. Kf4 Rf2+ 55. Ke5 Re2+ 56. Kd6 Rd2+ 57. Kc7 Kf7 58. Kc8+ Kf6 59. Rc7 Rh2 60. b7 Rh8+ 61. Kd7 Rb8 62. Kc6 Kxf5 63. Rxg7 Kf6 64. Rc7 Re8 65. Rc8 1-0

[Event "25th Abu Dhabi Open 2018"]
[Site "Abu Dhabi"]
[Date "2018.08.11"]
[Round "5"]
[White "Aditya Varun Gampa"]
[Black "Gandhi, Anish"]
[Result "0-1"]
[ECO "B90"]
[WhiteElo "1874"]
[BlackElo "2016"]
[Annotator "NA"]
[PlyCount "100"]
[EventDate "2018.08.05"]
[EventType "swiss"]
[EventCountry "UAE"]
[SourceTitle "playchess.com"]
[Source "ChessBase"]
[SourceQuality "1"]
[TimeControl "5400+30"]

1. e4 c5 2. Nf3 d6 3. Nc3 Nf6 4. d4 cxd4 5. Nxd4 a6 6. h3 e5 7. Nde2 h5 8. Bg5 Be6 9. Bxf6 Qxf6 10. Nd5 Qd8 11. Qd3 Nc6 12. O-O-O g6 13. Nec3 Bh6+ 14. Kb1 Rc8 15. Be2 b5 16. a3 O-O 17. g4 h4 18. Rhg1 Bg5 19. Rdf1 Nd4 20. f4 Bxd5 21. Nxd5 Nxe2 22. Qxe2 exf4 23. Nxf4 Qe7 24. Nd5 Qe5 25. Qf3 Kg7 26. Rd1 Rc4 27. Rge1 Rfc8 28. Re2 Re8 29. Rf1 f6 30. Rfe1 Qg3 31. Qd3 Qxd3 32. cxd3 Rd4 33. Kc2 Rc8+ 34. Nc3 a5 35. Kb1 b4 36. Nb5 Rxd3 37. Rc2 Rxc2 38. Kxc2 Rxh3 39. axb4 axb4 40. Nxd6 b3+ 41. Kb1 Rg3 42. Nb5 h3 43. e5 fxe5 44. Nc3 h2 45. Ne2 Re3 46. Ka1 Rxe2 47. Rb1 Rg2 48. Rc1 Rg1 49. Rb1 Rxb1+ 50. Kxb1 h1=R# 0-1

[Event "25th Abu Dhabi Open 2018"]
[Site "Abu Dhabi"]
[Date "2018.08.11"]
[Round "5"]
[White "Ashraf, Artin"]
[Black "Pabalan, Rocky"]
[Result "1/2-1/2"]
[ECO "A05"]
[WhiteElo "1867"]
[BlackElo "2073"]
[Annotator "NA"]
[PlyCount "311"]
[EventDate "2018.08.05"]
[EventType "swiss"]
[EventCountry "UAE"]
[SourceTitle "playchess.com"]
[Source "ChessBase"]
[SourceQuality "1"]
[TimeControl "5400+30"]

1. Nf3 Nf6 2. c4 c5 3. g3 Nc6 4. Bg2 e5 5. O-O Be7 6. Nc3 O-O 7. d3 d6 8. a3 h6 9. Rb1 a5 10. Ne1 Rb8 11. Nc2 Nd4 12. Bd2 Bd7 13. b4 Nxc2 14. Qxc2 axb4 15. axb4 cxb4 16. Na2 b3 17. Qxb3 b5 18. Nb4 bxc4 19. Qxc4 Bb5 20. Qa2 Qd7 21. Rfc1 Rfc8 22. Nc6 Bxc6 23. Bxc6 Qe6 24. Qxe6 fxe6 25. Rxb8 Rxb8 26. Bf3 d5 27. Kf1 Ba3 28. Ra1 Bc5 29. Rc1 Ba3 30. Ra1 Rb3 31. h3 Bc5 32. Rc1 Bb6 33. Ke1 Kf7 34. Bg2 Ke7 35. Be3 d4 36. Bd2 Nd5 37. f4 Nc3 38. fxe5 Rb2 39. Bf3 Nb1 40. Rxb1 Rxb1+ 41. Kf2 Bc7 42. h4 Bxe5 43. Kg2 Bd6 44. Kf2 Bc7 45. Kg2 Kd6 46. Bf4+ e5 47. Bd2 Kc5 48. Kf2 Rd1 49. Be1 Kb5 50. Be4 Bd8 51. Bg6 Ka4 52. Be8+ Kb3 53. Bc6 Rb1 54. Be8 Bb6 55. Bc6 Kc2 56. Ba4+ Kc1 57. Bc6 Rb2 58. Kf1 Rb1 59. Kf2 Bd8 60. Bf3 Rb2 61. Kf1 Kb1 62. Kf2 Bb6 63. Be4 Ka2 64. Kf3 Ka3 65. Bg6 Rc2 66. h5 Rc6 67. Kg2 Rf6 68. Bb4+ Kb2 69. Be4 Bd8 70. Bf3 Kb3 71. Bc5 Ka4 72. Kh3 Kb5 73. Ba3 Kb6 74. Bb4 Kc7 75. Ba5+ Kd7 76. Bd2 Ra6 77. Kg4 Ke6 78. Bb4 Bg5 79. Bc5 Be7 80. Bb6 Ra1 81. Bc5 Rg1 82. Bxe7 Kxe7 83. Be4 Kf6 84. Bf3 Rf1 85. Be4 Rf2 86. Bf3 Ke6 87. Kh4 Kf5 88. Bg4+ Kf6 89. Bf3 e4 90. Bxe4 Rxe2 91. Bg6 Re5 92. Kg4 Re3 93. Kf4 Re1 94. g4 Ke7 95. Be4 Kf6 96. Bf5 Re5 97. Be4 Re7 98. Bf5 Re1 99. Bg6 Re2 100. Bf5 g5+ 101. hxg6 Re1 102. Be4 Rf1+ 103. Kg3 Re1 104. Kf4 Re3 105. Bf5 Re1 106. Be4 Re2 107. Kf3 Re1 108. Kf4 Rc1 109. Kg3 Rf1 110. Kg2 Rf4 111. Kg3 Rf1 112. Kg2 Rc1 113. Kg3 Rc5 114. Kf4 Rg5 115. Kf3 Ke5 116. Kg3 h5 117. Kh4 Rxg4+ 118. Kxh5 Rg3 119. Kh6 Kf6 120. Kh5 Kg7 121. Kh4 Re3 122. Kg4 Kf6 123. Kf4 Rh3 124. g7 Kxg7 125. Ke5 Rh4 126. Kxd4 Kf6 127. Kd5 Rh5+ 128. Kd6 Rh8 129. d4 Rh4 130. Kd5 Ke7 131. Ke5 Rh5+ 132. Bf5 Rh2 133. d5 Rd2 134. Be4 Rd1 135. Bf5 Re1+ 136. Be4 Kd7 137. Kd4 Kd6 138. Bf3 Ra1 139. Be2 Ra3 140. Bd3 Ra4+ 141. Bc4 Rb4 142. Kc3 Kc5 143. Ba2 Rh4 144. Bb3 Rh3+ 145. Kc2 Kb4 146. Ba2 Rh2+ 147. Kb1 Rh1+ 148. Kb2 Rh2+ 149. Kb1 Rd2 150. d6 Kc3 151. Bf7 Rxd6 152. Ka2 Rf6 153. Bg8 Rf2+ 154. Kb1 Rb2+ 155. Ka1 Rb8 156. Bf7 1/2-1/2

[Event "25th Abu Dhabi Open 2018"]
[Site "Abu Dhabi"]
[Date "2018.08.11"]
[Round "5"]
[White "Atif Mahgoub Elhassan"]
[Black "Saif, Malek"]
[Result "1/2-1/2"]
[ECO "C55"]
[WhiteElo "1866"]
[BlackElo "2024"]
[Annotator "NA"]
[PlyCount "150"]
[EventDate "2018.08.05"]
[EventType "swiss"]
[EventCountry "UAE"]
[SourceTitle "playchess.com"]
[Source "ChessBase"]
[SourceQuality "1"]
[TimeControl "5400+30"]

1. e4 e5 2. d4 exd4 3. Nf3 Nc6 4. Bc4 Nf6 5. Qe2 d6 6. O-O Be7 7. h3 O-O 8. c3 d5 9. exd5 Nxd5 10. cxd4 Bf6 11. Nc3 Nb6 12. Be3 Re8 13. Bb5 Bd7 14. Rfd1 Nb4 15. Bxd7 Qxd7 16. a3 N4d5 17. Qd3 Rad8 18. Ne4 c6 19. Nfg5 Bxg5 20. Nxg5 f5 21. Nf3 Nxe3 22. fxe3 Qd5 23. Re1 Nc4 24. b3 Nd6 25. Rad1 Re6 26. Qc2 Nf7 27. Qc4 Qxc4 28. bxc4 Rde8 29. Kf2 Nd6 30. Rc1 Ne4+ 31. Ke2 g5 32. Kd3 g4 33. hxg4 fxg4 34. Ne5 Nf2+ 35. Ke2 g3 36. Kf3 Rxe5 37. dxe5 Nd3 38. Ke4 Nxe1 39. Rxe1 Rf8 40. e6 Rf2 41. Rd1 Kf8 42. Ke5 Rxg2 43. Rd8+ Ke7 44. Rd7+ Ke8 45. Rxh7 Re2 46. Kd6 Rd2+ 47. Kc7 g2 48. Rg7 b5 49. cxb5 c5 50. Kb7 c4 51. Kxa7 c3 52. b6 Rb2 53. a4 Rxb6 54. Rxg2 Rxe6 55. a5 Kd7 56. a6 Kc7 57. Rc2 Rxe3 58. Rh2 Re7 59. Rh3 Kc6+ 60. Kb8 Kb6 61. Kc8 Rc7+ 62. Kb8 c2 63. a7 Rxa7 64. Rb3+ Ka6 65. Ra3+ Kb5 66. Rxa7 c1=Q 67. Rb7+ Ka4 68. Ra7+ Kb3 69. Rb7+ Ka3 70. Ra7+ Kb2 71. Rb7+ Ka2 72. Ra7+ Kb1 73. Rb7+ Kc2 74. Rc7+ Kd2 75. Rxc1 Kxc1 1/2-1/2

[Event "25th Abu Dhabi Open 2018"]
[Site "Abu Dhabi"]
[Date "2018.08.11"]
[Round "5"]
[White "Huang, Zixiu"]
[Black "Sameir, Ramez"]
[Result "0-1"]
[ECO "C18"]
[WhiteElo "1864"]
[BlackElo "2000"]
[Annotator "NA"]
[PlyCount "74"]
[EventDate "2018.08.05"]
[EventType "swiss"]
[EventCountry "UAE"]
[SourceTitle "playchess.com"]
[Source "ChessBase"]
[SourceQuality "1"]
[TimeControl "5400+30"]

1. e4 e6 2. d4 d5 3. Nc3 Bb4 4. e5 c5 5. a3 Bxc3+ 6. bxc3 Ne7 7. Qg4 Qc7 8. Qxg7 Rg8 9. Qxh7 cxd4 10. Qd3 Qxe5+ 11. Ne2 dxc3 12. Bf4 Qf6 13. Qxc3 Qxc3+ 14. Nxc3 a6 15. Bxb8 Rxb8 16. Rb1 Bd7 17. Kd2 Bc6 18. f3 Nf5 19. Rb4 Ke7 20. g4 a5 21. Rf4 Nh4 22. Bb5 d4 23. Bxc6 dxc3+ 24. Kxc3 Rbc8 25. g5 Rxc6+ 26. Kb3 Ng2 27. Rg4 Ne3 28. Re4 Nxc2 29. h4 Rd8 30. h5 Nd4+ 31. Kb2 Nxf3 32. g6 Rd2+ 33. Ka1 fxg6 34. hxg6 Rg2 35. Rf4 Ne5 36. Rh7+ Kd6 37. Rxb7 Rc1+ 0-1

[Event "25th Abu Dhabi Open 2018"]
[Site "Abu Dhabi"]
[Date "2018.08.11"]
[Round "5"]
[White "Sahithi Varshini M"]
[Black "Umbetov, Kazybek"]
[Result "0-1"]
[ECO "C15"]
[WhiteElo "1728"]
[BlackElo "2055"]
[Annotator "NA"]
[PlyCount "142"]
[EventDate "2018.08.05"]
[EventType "swiss"]
[EventCountry "UAE"]
[SourceTitle "playchess.com"]
[Source "ChessBase"]
[SourceQuality "1"]
[TimeControl "5400+30"]

1. e4 e6 2. d4 d5 3. Nc3 Bb4 4. exd5 exd5 5. Bd3 Nf6 6. Nge2 O-O 7. O-O c6 8. Ng3 Re8 9. Nce2 Ne4 10. f3 Nxg3 11. Nxg3 Bd6 12. f4 Nd7 13. Nf5 Bf8 14. Ng3 Qh4 15. Qh5 Qxh5 16. Nxh5 g6 17. Ng3 f5 18. c3 b6 19. a4 a5 20. Bd2 Nf6 21. Rfe1 Ne4 22. Nxe4 dxe4 23. Bc4+ Be6 24. Bxe6+ Rxe6 25. Be3 Kf7 26. Red1 Rd8 27. Rd2 Red6 28. Rad1 Ke6 29. c4 Be7 30. g3 h6 31. h4 Kd7 32. Kf2 Kc7 33. Ke2 Kb7 34. b3 R6d7 35. Kf2 Bb4 36. Rc2 Ka6 37. Kf1 Be7 38. Ke2 Bf6 39. Rcd2 b5 40. axb5+ cxb5 41. d5 bxc4 42. bxc4 Bc3 43. Rc2 Bb4 44. Bd2 Kb6 45. Bxb4 axb4 46. Ra1 Rc8 47. Rac1 Kc5 48. Rb2 Ra8 49. Rcb1 Ra4 50. Rc1 Ra3 51. Rcb1 Rb7 52. Kf2 Kxc4 53. Rc1+ Rc3 54. Rd1 b3 55. d6 Rc2+ 56. Rd2 Rxb2 57. Rxb2 Kc3 58. Rb1 b2 59. Ke3 Kc2 60. Rxb2+ Kxb2 61. Kd4 Rd7 62. Ke3 Rxd6 63. Ke2 Kc3 64. Ke1 Rd2 65. Kf1 e3 66. Ke1 Kd3 67. Kf1 e2+ 68. Ke1 Rd1+ 69. Kf2 e1=Q+ 70. Kg2 Qf1+ 71. Kh2 Qh1# 0-1

[Event "25th Abu Dhabi Open 2018"]
[Site "Abu Dhabi"]
[Date "2018.08.12"]
[Round "6"]
[White "Hallaeva, Bahar"]
[Black "Stanley, Samson P."]
[Result "1-0"]
[ECO "B01"]
[WhiteElo "2098"]
[BlackElo "1927"]
[Annotator "NA"]
[PlyCount "159"]
[EventDate "2018.08.05"]
[EventType "swiss"]
[EventCountry "UAE"]
[SourceTitle "playchess.com"]
[Source "ChessBase"]
[SourceQuality "1"]
[TimeControl "5400+30"]

1. e4 d5 2. exd5 Nf6 3. Nf3 Nxd5 4. d4 g6 5. Be2 Bg7 6. O-O O-O 7. Re1 Re8 8. c3 Nc6 9. Bg5 {[%emt 0:02:24] B01: Scandinavian Defence} (9. Na3 Rb8 10. Nc4 b5 11. Nce5 Nxe5 12. Nxe5 Qd6 13. Bf3 f6 14. Nd3 Be6 15. a4 a6 16. axb5 axb5 {1-0 (69) Salgado Lopez,I (2501)-Tomczak,J (2449) Szeged 2008}) 9... Qd6 $146 ({Predecessor:} 9... h6 10. Bh4 Nf4 11. Bc4 g5 12. Bxg5 hxg5 13. Nxg5 e6 14. Qg4 Qf6 15. Nd2 e5 16. Qh4 Be6 {1-0 (52) Derli,O (2131)-Beznosikov,V (2298) St Petersburg 2015}) 10. Na3 a6 11. Nc4 Qd8 12. a4 h6 13. Bh4 f5 14. Bd3 g5 15. Nxg5 hxg5 16. Bxg5 Rf8 17. Qf3 Qd7 18. Ne3 e6 19. Nxd5 exd5 20. Qh5 Qf7 21. Qh4 Bd7 22. Re3 Rfe8 23. Rg3 Re6 24. Qf4 Rae8 25. h4 Bc8 26. Qf3 Re4 27. Bxe4 dxe4 28. Qf4 Kh7 29. h5 Nd8 30. Bxd8 Rxd8 31. Rg6 $1 Be6 (31... Rd6 $11) 32. Re1 Bd5 {[%emt 0:01:15] [#]} (32... c5 $16 {is a better defense.}) 33. Re3 $1 Bf8 34. Reg3 Rd6 35. a5 Re6 36. b4 Rd6 37. R6g5 Bh6 38. Qxf5+ Qxf5 39. Rxf5 c6 40. Re5 Rd7 41. Re8 Rf7 42. Rg6 Rd7 43. Rg4 Bf7 (43... Bd2 $11 44. Rg3 Rf7) 44. Rexe4 Bxh5 $2 (44... Bd2 $16 {was called for.}) 45. Rg3 Bf7 46. Rh4 Be6 47. Rf3 Rf7 48. Rg3 Rf6 49. Rg5 Rg6 50. Re5 Kg7 51. Reh5 Bd5 52. g3 Re6 53. Re5 Rxe5 54. dxe5 Bd2 55. c4 Be6 56. c5 Bd5 $1 $11 57. Rg4+ Kf7 {[%emt 0:00:09] [#]} (57... Kf8 $1 $11) 58. Rh4 ({Better is} 58. Kf1 $1 $16) 58... Ke6 59. f4 Kf5 60. Rh7 Bxb4 61. Rxb7 Bxc5+ 62. Kh2 Be3 63. Rd7 Bd2 64. Ra7 Bc4 65. Rc7 Bb5 66. Rf7+ Kg6 67. e6 Bxa5 68. f5+ Kh6 69. e7 c5 70. Rf6+ Kg7 $2 (70... Kg5 71. Rxa6 Bc3) 71. Rf8 Bc3 $18 72. e8=Q Bxe8 73. Rxe8 a5 74. g4 Bb4 75. Kh3 c4 76. Rc8 c3 77. Rc4 a4 78. Rxb4 a3 79. Rb1 a2 80. Rf1 1-0

[Event "25th Abu Dhabi Open 2018"]
[Site "Abu Dhabi"]
[Date "2018.08.12"]
[Round "6"]
[White "Umbetov, Kazybek"]
[Black "Bauyrzhan, Arnash"]
[Result "1-0"]
[ECO "A01"]
[WhiteElo "2055"]
[BlackElo "2007"]
[Annotator "NA"]
[PlyCount "127"]
[EventDate "2018.08.05"]
[EventType "swiss"]
[EventCountry "UAE"]
[SourceTitle "playchess.com"]
[Source "ChessBase"]
[SourceQuality "1"]
[TimeControl "5400+30"]

1. b3 e5 2. Bb2 Nc6 3. e3 Nf6 4. Bb5 Bd6 5. Ne2 a6 {[%emt 0:02:51] A01: Nimzowitsch-Larsen Opening} (5... O-O 6. Na3 e4 7. Nc4 Be7 8. Bxc6 bxc6 9. O-O a5 10. d3 d5 11. Nd2 a4 12. dxe4 Nxe4 13. Nxe4 dxe4 {½-½ (45) Jobava,B (2687)-Yu,Y (2744) Tbilisi 2017}) 6. Bxc6 dxc6 7. d3 O-O 8. e4 Qe7 9. Ng3 $146 ({Predecessor:} 9. Nd2 Ba3 10. Bxa3 Qxa3 11. Nc4 Qe7 12. Qd2 Re8 13. O-O {1-0 (33) Nivala,T (2215)-Radkov,B (2066) Finland 2015}) 9... Bc5 10. O-O Ng4 11. Nd2 Nh6 12. Nc4 f6 13. Bc1 Bd4 14. Rb1 Nf7 15. Ba3 Nd6 16. Kh1 b5 17. Ne3 g6 18. c4 c5 19. Nc2 b4 20. Nxd4 exd4 21. Bc1 Nf7 22. f4 a5 23. a4 Kg7 24. Rb2 Nd6 25. f5 Nf7 26. Rbf2 Ra6 27. h4 Ne5 28. Bf4 Kf7 29. Bxe5 Qxe5 30. Ne2 gxf5 31. Rxf5 Bxf5 32. Rxf5 Qe7 33. Nf4 Ke8 34. Qh5+ Qf7 35. Rxc5 Qxh5 36. Nxh5 Kd7 37. Kh2 c6 38. g4 Ra7 39. Kg3 Kd6 40. Rf5 Ke7 41. Kf4 Ke6 42. Kf3 Ke7 43. Nf4 Rg8 44. Rh5 Kd6 45. c5+ Kc7 46. Rxh7+ Kb8 47. Rxa7 Kxa7 48. Ne6 Rh8 49. h5 Kb7 50. Nxd4 Rd8 51. Ke3 Rg8 52. Kf4 Rd8 53. Nf3 Rxd3 54. h6 Rd1 55. Kf5 Rf1 56. h7 Rxf3+ 57. Kg6 Rh3 58. Kg7 Kc7 59. h8=Q Rxh8 60. Kxh8 Kd7 61. Kg7 Ke6 62. Kg6 Ke5 $18 63. Kf7 Kxe4 64. Kxf6 1-0